[ AOE2 MATCH · #474224522 ]
UnrankedDravidians vs Spanish
[ REPLAY ANALYSIS · EXTRACTED FROM THE RECORDED GAME ]
Feudal
10:37
Castle
14:18
Imperial
29:26
| APM avg | 38.0 |
| APM peak | 132 |
| eAPM avg | 21.0 |
| Villagers / military | 144 / 160 |
Focus
⚔️ 28.7% · 🌾 71.3%
Elephant Archer ×112 · Battle Elephant ×20 · Bombard Cannon ×12 · Scorpion ×8 · Monk ×4 · Spearman ×4
Feudal
10:47
Castle
14:38
Imperial
36:35
| APM avg | 51.6 |
| APM peak | 92 |
| eAPM avg | 18.4 |
| Villagers / military | 149 / 132 |
Focus
⚔️ 28.1% · 🌾 71.9%
Spearman ×68 · Skirmisher ×31 · Conquistador ×23 · Petard ×7 · Mangonel ×3
Feudal
8:22
Castle
20:06
Imperial
33:49
| APM avg | 47.7 |
| APM peak | 104 |
| eAPM avg | 23.2 |
| Villagers / military | 138 / 83 |
Focus
⚔️ 27.4% · 🌾 72.6%
Kipchak ×36 · Scout Cavalry ×22 · Knight ×20 · Trebuchet (Packed) ×4 · Mangonel ×1
Feudal
10:51
Castle
14:47
Imperial
28:45
| APM avg | 37.6 |
| APM peak | 111 |
| eAPM avg | 20.8 |
| Villagers / military | 150 / 257 |
Focus
⚔️ 32.5% · 🌾 67.5%
Skirmisher ×184 · Spearman ×51 · Cavalry Archer ×7 · Trebuchet (Packed) ×5 · Cataphract ×4 · Bombard Cannon ×4
Feudal
8:06
Castle
21:36
Imperial
32:53
| APM avg | 35.9 |
| APM peak | 74 |
| eAPM avg | 20.0 |
| Villagers / military | 189 / 20 |
Focus
⚔️ 31.3% · 🌾 68.7%
Unknown (1911) ×30 · Iron Pagoda ×9 · Bombard Cannon ×5 · Unknown (1908) ×5 · Trebuchet (Packed) ×5 · Monk ×1
Feudal
10:49
Castle
15:32
Imperial
28:06
| APM avg | 34.6 |
| APM peak | 67 |
| eAPM avg | 18.6 |
| Villagers / military | 167 / 133 |
Focus
⚔️ 24.3% · 🌾 75.7%
Berserk ×124 · Trebuchet (Packed) ×5 · Battering Ram ×3 · Monk ×1
Feudal
10:20
Castle
15:14
Imperial
35:36
| APM avg | 40.2 |
| APM peak | 75 |
| eAPM avg | 19.9 |
| Villagers / military | 167 / 98 |
Focus
⚔️ 27.7% · 🌾 72.3%
Knight ×68 · Scout Cavalry ×27 · Mangonel ×3
Feudal
10:58
Castle
20:40
Imperial
39:15
| APM avg | 22.7 |
| APM peak | 71 |
| eAPM avg | 14.2 |
| Villagers / military | 98 / 48 |
Focus
⚔️ 30.3% · 🌾 69.7%
Samurai ×33 · Petard ×8 · Battering Ram ×6 · Unknown (1105) ×3 · Mangonel ×1
Match map
Initial resources + every placement click. Lines = walls · curves = elevation contours. ◆ gold · ⬟ stone · ● berries · ✦ relic · ◌ wall gap
Your base· ✓ Closed at 14:18 · 0t walls · 2 gate(s)
EZLIVING:D's base· ✓ Closed at 14:38 · 0t walls · 2 gate(s)
骑猪射箭's base· ✓ Closed at 20:06 · 0t walls · 3 gate(s)
Jaxto's base· ✓ Closed at 14:47 · 0t walls · 3 gate(s)
caterpie's base· ✓ Closed at 21:36 · 0t walls · 2 gate(s)
伯乐's base· ✓ Closed at 15:32 · 0t walls · 2 gate(s)
ZizKa's base· ✓ Closed at 15:14 · 0t walls · 3 gate(s)
chenst2020's base· ✓ Closed at 20:40 · 41t walls · 3 gate(s)
Smoothed initial terrain · ◌ = detected wall gap · hover for details
Inputs per minute
— TKB_ - - EZLIVING:D
Build order — TKB_
First 150 of 305 actions detected
| 0:03 | Create | Villager (Male) ×4 |
| 0:04 | Build | House |
| 0:06 | Build | House |
| 1:25 | Create | Villager (Male) |
| 1:56 | Build | Lumber Camp |
| 2:04 | Create | Villager (Male) |
| 2:16 | Create | Villager (Male) |
| 2:51 | Create | Villager (Male) |
| 3:03 | Create | Villager (Male) |
| 3:31 | Build | Mill |
| 3:48 | Create | Villager (Male) ×2 |
| 4:19 | Create | Villager (Male) |
| 4:24 | Build | House |
| 4:41 | Create | Villager (Male) |
| 4:55 | Create | Villager (Male) |
| 5:39 | Create | Villager (Male) ×3 |
| 6:04 | Build | House |
| 6:11 | Create | Villager (Male) |
| 6:33 | Create | Villager (Male) |
| 7:05 | Create | Villager (Male) |
| 7:22 | Build | Mining Camp |
| 7:30 | Build | House |
| 8:24 | Research | Feudal Age |
| 9:02 | Build | Farm |
| 9:05 | Build | Farm |
| 9:08 | Build | Farm |
| 10:06 | Create | Villager (Male) |
| 10:07 | Create | Villager (Male) |
| 10:37 | Age | Feudal Age |
| 10:39 | Build | Market |
| 10:44 | Build | Blacksmith |
| 11:36 | Research | Double-Bit Axe |
| 11:38 | Research | Castle Age |
| 11:54 | Build | Farm |
| 11:56 | Build | Farm |
| 12:25 | Build | Barracks |
| 12:49 | Create | Villager (Male) |
| 13:27 | Create | Spearman |
| 13:52 | Create | Spearman |
| 14:18 | Age | Castle Age |
| 14:23 | Build | Monastery |
| 14:28 | Build | Town Center |
| 14:34 | Build | Town Center |
| 14:38 | Create | Villager (Male) |
| 14:48 | Build | Farm |
| 14:48 | Build | Farm |
| 15:24 | Create | Villager (Male) |
| 15:24 | Create | Villager (Male) |
| 15:37 | Build | Farm |
| 15:39 | Create | Monk |
| 16:02 | Create | Villager (Male) |
| 16:03 | Create | Villager (Male) |
| 16:04 | Create | Villager (Male) |
| 16:10 | Build | Farm |
| 16:13 | Build | Farm |
| 16:14 | Create | Villager (Male) |
| 16:19 | Create | Villager (Male) |
| 16:22 | Build | Farm |
| 16:28 | Build | Farm |
| 16:33 | Create | Villager (Male) |
| 16:44 | Create | Villager (Male) |
| 16:47 | Build | Farm |
| 16:49 | Create | Villager (Male) |
| 17:11 | Create | Villager (Male) |
| 17:25 | Build | House |
| 17:39 | Create | Villager (Male) |
| 17:54 | Create | Spearman |
| 17:55 | Create | Villager (Male) |
| 17:55 | Create | Villager (Male) |
| 18:01 | Build | Farm |
| 18:01 | Build | Farm |
| 18:01 | Build | Farm |
| 18:02 | Build | Farm |
| 18:02 | Build | Farm |
| 18:02 | Build | Farm |
| 18:18 | Create | Spearman |
| 18:19 | Create | Villager (Male) |
| 18:32 | Build | Farm |
| 18:32 | Build | Farm |
| 18:32 | Build | Farm |
| 18:33 | Build | Farm |
| 18:37 | Build | Farm |
| 18:37 | Build | Farm |
| 18:37 | Build | Farm |
| 18:40 | Create | Villager (Male) |
| 18:41 | Create | Villager (Male) |
| 19:05 | Create | Villager (Male) |
| 19:10 | Build | House |
| 19:11 | Build | House |
| 19:14 | Build | Farm |
| 19:15 | Build | Farm |
| 19:15 | Build | Farm |
| 19:27 | Build | House |
| 19:48 | Create | Villager (Male) |
| 19:48 | Create | Villager (Male) |
| 19:53 | Build | House |
| 20:01 | Create | Villager (Male) |
| 20:17 | Build | Town Center |
| 20:21 | Create | Villager (Male) |
| 20:32 | Create | Villager (Male) |
| 20:51 | Create | Villager (Male) |
| 21:04 | Create | Villager (Male) |
| 21:07 | Create | Villager (Male) |
| 21:07 | Create | Villager (Male) |
| 21:27 | Create | Villager (Male) |
| 21:27 | Create | Villager (Male) |
| 21:50 | Create | Villager (Male) |
| 21:50 | Create | Villager (Male) |
| 22:08 | Create | Villager (Male) |
| 22:09 | Create | Villager (Male) |
| 22:09 | Create | Villager (Male) |
| 22:13 | Create | Villager (Male) |
| 22:13 | Create | Villager (Male) |
| 22:18 | Build | Farm |
| 22:19 | Build | Farm |
| 22:19 | Build | Farm |
| 22:19 | Build | Farm |
| 22:19 | Build | Farm |
| 22:20 | Build | Farm |
| 22:20 | Build | Farm |
| 22:50 | Create | Villager (Male) |
| 22:50 | Create | Villager (Male) |
| 22:50 | Create | Villager (Male) |
| 22:53 | Build | House |
| 22:54 | Build | House |
| 22:59 | Build | Farm |
| 22:59 | Build | Farm |
| 23:00 | Build | Farm |
| 23:14 | Build | Farm |
| 23:14 | Build | Farm |
| 23:15 | Build | Farm |
| 23:17 | Create | Villager (Male) ×5 |
| 23:42 | Create | Villager (Male) ×5 |
| 23:49 | Build | Mining Camp |
| 23:59 | Create | Villager (Male) |
| 24:02 | Research | Wheelbarrow |
| 24:05 | Build | Farm |
| 24:24 | Build | House |
| 24:30 | Create | Villager (Male) |
| 24:40 | Create | Villager (Male) |
| 24:44 | Build | University |
| 24:46 | Build | House |
| 24:48 | Create | Villager (Male) |
| 24:48 | Create | Villager (Male) |
| 24:59 | Create | Monk |
| 25:09 | Build | House |
| 25:21 | Build | Siege Workshop |
| 25:32 | Build | University |
| 25:37 | Build | House |
| 25:39 | Create | Villager (Male) |
Build order — EZLIVING:D
First 150 of 328 actions detected
| 0:01 | Create | Villager (Male) |
| 0:01 | Create | Villager (Male) |
| 0:02 | Build | House |
| 0:03 | Build | House |
| 0:04 | Build | House |
| 0:05 | Create | Villager (Male) |
| 0:05 | Create | Villager (Male) |
| 1:28 | Create | Villager (Male) |
| 1:28 | Create | Villager (Male) |
| 2:08 | Build | Lumber Camp |
| 2:12 | Create | Villager (Male) |
| 2:12 | Create | Villager (Male) |
| 2:22 | Create | Villager (Male) |
| 2:23 | Create | Villager (Male) |
| 3:31 | Create | Villager (Male) |
| 3:31 | Create | Villager (Male) |
| 3:34 | Create | Villager (Male) |
| 4:19 | Create | Villager (Male) |
| 4:19 | Create | Villager (Male) |
| 4:19 | Create | Villager (Male) |
| 4:57 | Build | House |
| 4:59 | Build | House |
| 5:10 | Create | Villager (Male) |
| 5:11 | Create | Villager (Male) |
| 5:11 | Create | Villager (Male) |
| 6:01 | Create | Villager (Male) |
| 6:01 | Create | Villager (Male) |
| 7:35 | Build | Mill |
| 7:42 | Build | Mill |
| 7:47 | Create | Villager (Male) |
| 7:47 | Create | Villager (Male) |
| 7:55 | Build | Mining Camp |
| 8:34 | Research | Feudal Age |
| 9:00 | Build | Farm |
| 9:01 | Build | Farm |
| 9:02 | Build | Farm |
| 9:15 | Create | Villager (Male) |
| 9:15 | Create | Villager (Male) |
| 10:47 | Age | Feudal Age |
| 10:48 | Build | Market |
| 10:53 | Build | Blacksmith |
| 11:58 | Research | Castle Age |
| 12:06 | Build | Mining Camp |
| 12:18 | Build | House |
| 12:42 | Create | Villager (Male) |
| 12:51 | Research | Loom |
| 13:53 | Create | Villager (Male) |
| 14:24 | Research | Double-Bit Axe |
| 14:38 | Age | Castle Age |
| 14:53 | Create | Villager (Male) |
| 15:30 | Build | Farm |
| 15:31 | Build | Farm |
| 15:33 | Create | Villager (Male) |
| 15:54 | Create | Villager (Male) |
| 15:56 | Build | Farm |
| 16:14 | Build | Farm |
| 16:15 | Create | Villager (Male) |
| 16:35 | Create | Villager (Male) |
| 16:38 | Build | Farm |
| 16:55 | Create | Villager (Male) |
| 17:00 | Build | House |
| 17:01 | Build | House |
| 17:02 | Build | House |
| 17:15 | Create | Villager (Male) |
| 17:19 | Build | Farm |
| 17:28 | Build | Castle |
| 17:55 | Create | Villager (Male) |
| 18:20 | Create | Conquistador |
| 18:21 | Create | Conquistador |
| 18:21 | Create | Conquistador |
| 18:39 | Build | Lumber Camp |
| 18:48 | Create | Conquistador |
| 18:48 | Create | Conquistador |
| 19:06 | Build | Farm |
| 19:21 | Create | Conquistador |
| 19:26 | Create | Villager (Male) |
| 19:27 | Build | Farm |
| 19:27 | Build | Farm |
| 19:49 | Create | Conquistador |
| 19:51 | Create | Petard |
| 19:51 | Create | Petard |
| 19:59 | Create | Villager (Male) |
| 20:03 | Build | Town Center |
| 20:07 | Build | Farm |
| 20:09 | Create | Villager (Male) |
| 20:36 | Create | Villager (Male) |
| 20:37 | Create | Villager (Male) |
| 20:53 | Create | Villager (Male) |
| 21:00 | Build | Farm |
| 21:00 | Build | Farm |
| 21:00 | Build | Farm |
| 21:00 | Build | Farm |
| 21:00 | Build | Farm |
| 21:25 | Create | Conquistador |
| 21:25 | Create | Conquistador |
| 21:26 | Create | Villager (Male) |
| 21:50 | Create | Conquistador |
| 22:17 | Create | Conquistador |
| 22:22 | Create | Villager (Male) |
| 22:31 | Create | Villager (Male) |
| 22:31 | Create | Villager (Male) |
| 22:37 | Build | Farm |
| 22:37 | Build | Farm |
| 22:37 | Build | Farm |
| 22:37 | Build | Farm |
| 22:38 | Build | Farm |
| 22:42 | Create | Conquistador |
| 23:12 | Build | Siege Workshop |
| 23:13 | Create | Villager (Male) |
| 23:14 | Create | Villager (Male) |
| 23:15 | Create | Villager (Male) |
| 23:21 | Build | Farm |
| 23:21 | Build | Farm |
| 23:21 | Build | Farm |
| 23:35 | Create | Villager (Male) |
| 23:35 | Create | Villager (Male) |
| 23:44 | Build | Town Center |
| 23:51 | Create | Petard |
| 23:51 | Create | Petard |
| 24:15 | Create | Petard |
| 24:21 | Create | Petard |
| 24:24 | Create | Conquistador |
| 24:30 | Create | Petard |
| 24:32 | Create | Villager (Male) |
| 24:33 | Create | Villager (Male) |
| 24:33 | Create | Villager (Male) |
| 24:35 | Build | Farm |
| 24:35 | Build | Farm |
| 24:45 | Create | Mangonel |
| 24:45 | Create | Mangonel |
| 24:54 | Create | Villager (Male) |
| 24:55 | Create | Villager (Male) |
| 24:55 | Create | Villager (Male) |
| 25:08 | Create | Villager (Male) |
| 25:15 | Create | Villager (Male) |
| 25:18 | Build | Farm |
| 25:25 | Create | Conquistador |
| 25:25 | Create | Conquistador |
| 25:38 | Build | Farm |
| 25:40 | Create | Villager (Male) |
| 25:50 | Research | Padded Archer Armor |
| 25:55 | Build | Farm |
| 25:56 | Build | Farm |
| 26:01 | Build | Farm |
| 26:02 | Build | Farm |
| 26:21 | Build | Stone Wall |
| 26:25 | Create | Villager (Male) |
| 26:26 | Create | Villager (Male) |
| 26:40 | Create | Conquistador |
| 26:40 | Create | Conquistador |
Build order — 骑猪射箭
First 150 of 403 actions detected
| 0:03 | Create | Villager (Male) |
| 0:03 | Create | Villager (Male) |
| 0:04 | Build | House |
| 0:07 | Build | House |
| 0:11 | Create | Villager (Male) |
| 0:12 | Create | Villager (Male) |
| 0:12 | Create | Villager (Male) |
| 1:27 | Create | Villager (Male) |
| 1:27 | Create | Villager (Male) |
| 1:48 | Build | Lumber Camp |
| 2:06 | Create | Villager (Male) |
| 2:06 | Create | Villager (Male) |
| 2:33 | Create | Villager (Male) |
| 2:33 | Create | Villager (Male) |
| 2:52 | Create | Villager (Male) |
| 3:10 | Create | Villager (Male) |
| 3:29 | Build | House |
| 3:33 | Create | Villager (Male) |
| 4:12 | Create | Villager (Male) |
| 4:31 | Create | Villager (Male) |
| 4:57 | Build | Mill |
| 5:02 | Create | Villager (Male) |
| 5:23 | Create | Villager (Male) |
| 6:12 | Research | Feudal Age |
| 6:12 | Research | Feudal Age |
| 6:33 | Build | House |
| 8:08 | Create | Villager (Male) |
| 8:22 | Age | Feudal Age |
| 8:32 | Create | Villager (Male) |
| 8:47 | Build | Town Center |
| 8:50 | Create | Villager (Male) |
| 8:52 | Research | Double-Bit Axe |
| 8:52 | Research | Double-Bit Axe |
| 9:15 | Create | Villager (Male) |
| 9:45 | Create | Villager (Male) |
| 9:55 | Research | Horse Collar |
| 10:19 | Create | Villager (Male) |
| 10:29 | Build | House |
| 10:42 | Create | Villager (Male) |
| 10:44 | Create | Villager (Male) |
| 10:48 | Create | Villager (Male) |
| 10:59 | Create | Villager (Male) |
| 10:59 | Create | Villager (Male) |
| 11:13 | Build | Farm |
| 11:13 | Create | Villager (Male) |
| 11:16 | Build | Farm |
| 11:16 | Build | Farm |
| 11:18 | Build | Farm |
| 11:20 | Create | Villager (Male) |
| 11:24 | Build | Farm |
| 11:27 | Build | Farm |
| 11:29 | Build | Farm |
| 11:49 | Create | Villager (Male) |
| 11:52 | Build | Farm |
| 12:11 | Create | Villager (Male) |
| 12:11 | Create | Villager (Male) |
| 12:13 | Build | Farm |
| 12:14 | Create | Villager (Male) |
| 12:16 | Build | House |
| 12:27 | Build | Farm |
| 12:35 | Build | Farm |
| 12:42 | Create | Villager (Male) |
| 12:42 | Create | Villager (Male) |
| 12:46 | Build | Farm |
| 12:49 | Build | Farm |
| 13:02 | Create | Villager (Male) |
| 13:02 | Create | Villager (Male) |
| 13:03 | Create | Villager (Male) |
| 13:11 | Build | Farm |
| 13:25 | Build | Farm |
| 13:26 | Create | Villager (Male) |
| 13:26 | Create | Villager (Male) |
| 13:33 | Build | Farm |
| 13:36 | Build | Farm |
| 13:36 | Create | Villager (Male) |
| 13:45 | Build | House |
| 13:58 | Create | Villager (Male) |
| 13:58 | Create | Villager (Male) |
| 14:04 | Build | Farm |
| 14:10 | Build | House |
| 14:23 | Build | Farm |
| 14:26 | Build | Farm |
| 14:27 | Create | Villager (Male) |
| 14:27 | Create | Villager (Male) |
| 14:27 | Create | Villager (Male) |
| 14:27 | Create | Villager (Male) |
| 14:54 | Create | Villager (Male) |
| 14:56 | Build | House |
| 15:04 | Create | Villager (Male) |
| 15:04 | Create | Villager (Male) |
| 15:11 | Build | Market |
| 15:26 | Build | House |
| 15:29 | Create | Villager (Male) |
| 15:46 | Build | House |
| 15:58 | Create | Villager (Male) |
| 15:59 | Build | Farm |
| 16:00 | Create | Villager (Male) |
| 16:04 | Build | Blacksmith |
| 16:07 | Create | Villager (Male) |
| 16:11 | Build | House |
| 16:17 | Build | Mining Camp |
| 16:22 | Create | Villager (Male) |
| 16:33 | Create | Villager (Male) |
| 16:34 | Build | House |
| 16:39 | Build | House |
| 16:43 | Build | House |
| 16:48 | Create | Villager (Male) |
| 16:49 | Create | Villager (Male) |
| 17:26 | Research | Castle Age |
| 17:26 | Research | Castle Age |
| 17:32 | Build | House |
| 17:38 | Build | House |
| 17:39 | Build | House |
| 17:44 | Research | Stone Mining |
| 17:44 | Research | Stone Mining |
| 17:54 | Build | House |
| 17:54 | Build | House |
| 17:59 | Build | House |
| 18:04 | Build | House |
| 18:20 | Build | Mining Camp |
| 18:25 | Build | Siege Workshop |
| 18:34 | Build | House |
| 18:34 | Build | House |
| 18:43 | Build | House |
| 18:48 | Build | House |
| 18:51 | Build | House |
| 18:58 | Research | Gold Mining |
| 18:58 | Research | Gold Mining |
| 19:02 | Create | Villager (Male) |
| 19:28 | Research | Loom |
| 19:28 | Research | Loom |
| 20:06 | Age | Castle Age |
| 20:23 | Build | Castle |
| 20:33 | Build | Palisade Wall |
| 20:36 | Build | House |
| 20:42 | Create | Villager (Male) |
| 20:43 | Create | Villager (Male) |
| 20:43 | Create | Villager (Male) |
| 20:43 | Create | Villager (Male) |
| 21:00 | Create | Mangonel |
| 21:22 | Build | Lumber Camp |
| 21:32 | Create | Villager (Male) |
| 21:34 | Create | Kipchak |
| 22:02 | Create | Kipchak |
| 22:02 | Create | Kipchak |
| 22:18 | Create | Kipchak |
| 22:19 | Create | Kipchak |
| 22:19 | Create | Kipchak |
| 22:25 | Research | Fletching |
| 22:32 | Build | House |
Build order — Jaxto
First 150 of 407 actions detected
| 0:00 | Create | Villager (Male) ×4 |
| 0:02 | Build | House |
| 0:04 | Build | House |
| 1:27 | Create | Villager (Male) |
| 1:58 | Create | Villager (Male) |
| 2:18 | Create | Villager (Male) |
| 2:45 | Build | Lumber Camp |
| 2:55 | Create | Villager (Male) |
| 2:57 | Create | Villager (Male) |
| 3:39 | Create | Villager (Male) |
| 3:45 | Create | Villager (Male) |
| 3:47 | Create | Villager (Male) |
| 3:51 | Build | House |
| 4:27 | Create | Villager (Male) |
| 4:49 | Create | Villager (Male) |
| 5:21 | Research | Loom |
| 5:22 | Build | House |
| 5:38 | Build | House |
| 5:40 | Create | Villager (Male) |
| 5:52 | Create | Villager (Male) |
| 6:15 | Create | Villager (Male) |
| 6:18 | Build | Mill |
| 6:28 | Build | House |
| 6:44 | Create | Villager (Male) |
| 6:59 | Build | Mining Camp |
| 7:21 | Create | Villager (Male) |
| 7:42 | Create | Villager (Male) |
| 8:11 | Create | Villager (Male) |
| 8:35 | Research | Feudal Age |
| 9:44 | Build | Farm |
| 9:49 | Build | Farm |
| 10:37 | Create | Villager (Male) |
| 10:37 | Create | Villager (Male) |
| 10:51 | Age | Feudal Age |
| 10:53 | Build | Blacksmith |
| 10:57 | Build | Market |
| 11:42 | Create | Villager (Male) |
| 12:03 | Build | Lumber Camp |
| 12:07 | Research | Castle Age |
| 12:39 | Build | House |
| 12:41 | Build | House |
| 12:59 | Research | Double-Bit Axe |
| 13:12 | Create | Villager (Male) |
| 13:13 | Build | Farm |
| 13:44 | Build | House |
| 14:01 | Create | Villager (Male) |
| 14:41 | Build | Farm |
| 14:41 | Build | Farm |
| 14:42 | Build | Farm |
| 14:42 | Build | Farm |
| 14:45 | Build | Farm |
| 14:47 | Age | Castle Age |
| 14:55 | Build | Town Center |
| 15:08 | Create | Villager (Male) |
| 15:37 | Create | Villager (Male) |
| 15:43 | Build | Farm |
| 15:50 | Create | Villager (Male) |
| 16:00 | Create | Villager (Male) |
| 16:00 | Create | Villager (Male) |
| 16:03 | Create | Villager (Male) |
| 16:11 | Build | Town Center |
| 16:23 | Create | Villager (Male) |
| 16:26 | Create | Villager (Male) |
| 16:26 | Create | Villager (Male) |
| 16:57 | Research | Horse Collar |
| 17:14 | Build | Monastery |
| 17:19 | Create | Villager (Male) |
| 17:19 | Create | Villager (Male) |
| 17:23 | Build | Farm |
| 17:24 | Build | Farm |
| 17:25 | Build | Farm |
| 17:33 | Create | Villager (Male) |
| 17:49 | Build | Farm |
| 17:49 | Build | Farm |
| 17:49 | Build | Farm |
| 17:49 | Build | Farm |
| 17:53 | Create | Villager (Male) |
| 17:53 | Create | Villager (Male) |
| 17:57 | Create | Monk |
| 18:34 | Create | Villager (Male) |
| 18:35 | Create | Villager (Male) |
| 18:39 | Create | Villager (Male) |
| 18:39 | Create | Villager (Male) |
| 19:00 | Create | Villager (Male) |
| 19:00 | Create | Villager (Male) |
| 19:02 | Create | Villager (Male) |
| 19:14 | Create | Villager (Male) |
| 19:14 | Create | Villager (Male) |
| 19:27 | Create | Villager (Male) |
| 19:27 | Create | Villager (Male) |
| 19:32 | Build | University |
| 19:33 | Build | House |
| 19:40 | Build | Farm |
| 19:43 | Build | Farm |
| 19:43 | Build | Farm |
| 19:43 | Build | Farm |
| 19:43 | Build | Farm |
| 19:58 | Create | Villager (Male) |
| 19:59 | Create | Villager (Male) |
| 19:59 | Create | Villager (Male) |
| 19:59 | Create | Villager (Male) |
| 20:09 | Create | Villager (Male) |
| 20:10 | Create | Villager (Male) |
| 20:44 | Create | Villager (Male) |
| 20:44 | Create | Villager (Male) |
| 20:44 | Create | Villager (Male) |
| 20:44 | Create | Villager (Male) |
| 20:53 | Build | House |
| 20:54 | Build | House |
| 21:25 | Create | Villager (Male) |
| 21:25 | Create | Villager (Male) |
| 21:26 | Create | Villager (Male) |
| 21:26 | Create | Villager (Male) |
| 21:48 | Create | Villager (Male) |
| 21:49 | Create | Villager (Male) |
| 22:02 | Create | Villager (Male) |
| 22:02 | Create | Villager (Male) |
| 22:02 | Create | Villager (Male) |
| 22:02 | Create | Villager (Male) |
| 22:03 | Create | Villager (Male) |
| 22:13 | Build | Mill |
| 22:14 | Build | Farm |
| 22:14 | Build | Farm |
| 22:14 | Build | Farm |
| 22:15 | Build | Farm |
| 22:15 | Build | Farm |
| 22:15 | Build | Farm |
| 22:16 | Build | Farm |
| 22:17 | Build | Farm |
| 22:29 | Build | House |
| 22:30 | Build | House |
| 22:33 | Research | Wheelbarrow |
| 22:58 | Build | Barracks |
| 23:03 | Create | Villager (Male) |
| 23:03 | Create | Villager (Male) |
| 23:03 | Create | Villager (Male) |
| 23:03 | Create | Villager (Male) |
| 23:15 | Create | Villager (Male) |
| 23:23 | Build | House |
| 23:26 | Build | Archery Range |
| 23:30 | Build | Archery Range |
| 23:33 | Build | House |
| 23:33 | Create | Villager (Male) |
| 23:34 | Create | Villager (Male) |
| 23:34 | Create | Villager (Male) |
| 23:59 | Build | House |
| 24:12 | Create | Cavalry Archer |
| 24:13 | Create | Cavalry Archer |
| 24:18 | Build | Mining Camp |
| 24:23 | Create | Villager (Male) |
Build order — caterpie
First 150 of 407 actions detected
| 0:01 | Create | Villager (Male) ×4 |
| 0:01 | Create | Villager (Male) ×4 |
| 0:02 | Build | House |
| 0:03 | Build | House |
| 1:30 | Create | Villager (Male) |
| 1:58 | Create | Villager (Male) |
| 1:58 | Create | Villager (Male) |
| 2:14 | Build | Lumber Camp |
| 2:39 | Create | Villager (Male) |
| 2:39 | Create | Villager (Male) |
| 2:44 | Create | Villager (Male) |
| 3:01 | Create | Villager (Male) |
| 3:48 | Build | House |
| 4:03 | Create | Villager (Male) |
| 4:03 | Create | Villager (Male) |
| 4:18 | Create | Villager (Male) |
| 4:18 | Create | Villager (Male) |
| 4:35 | Create | Villager (Male) |
| 4:35 | Create | Villager (Male) |
| 4:56 | Build | Mining Camp |
| 5:56 | Research | Feudal Age |
| 6:25 | Create | Villager (Male) |
| 6:28 | Build | House |
| 7:32 | Create | Villager (Male) |
| 8:06 | Age | Feudal Age |
| 8:10 | Build | Blacksmith |
| 8:14 | Research | Double-Bit Axe |
| 8:23 | Build | Watch Tower |
| 8:33 | Create | Villager (Male) |
| 8:45 | Build | Mill |
| 8:57 | Build | House |
| 9:10 | Research | Fletching |
| 9:13 | Research | Loom |
| 9:22 | Create | Villager (Male) |
| 9:53 | Create | Villager (Male) |
| 9:53 | Create | Villager (Male) |
| 10:11 | Create | Villager (Male) |
| 10:11 | Create | Villager (Male) |
| 10:36 | Create | Villager (Male) |
| 10:42 | Build | Watch Tower |
| 10:52 | Create | Villager (Male) |
| 10:58 | Build | House |
| 10:59 | Build | House |
| 11:07 | Create | Villager (Male) |
| 11:48 | Research | Wheelbarrow |
| 12:06 | Create | Villager (Male) |
| 12:18 | Create | Villager (Male) |
| 12:41 | Create | Villager (Male) |
| 12:49 | Research | Horse Collar |
| 12:50 | Create | Villager (Male) |
| 13:40 | Build | Watch Tower |
| 13:43 | Create | Villager (Male) |
| 13:43 | Create | Villager (Male) |
| 13:43 | Create | Villager (Male) |
| 13:50 | Build | House |
| 13:50 | Create | Villager (Male) |
| 13:54 | Build | Market |
| 13:57 | Build | Farm |
| 13:58 | Build | Farm |
| 13:59 | Build | Farm |
| 14:00 | Build | Farm |
| 14:20 | Build | Farm |
| 14:50 | Build | Farm |
| 14:51 | Create | Villager (Male) |
| 15:17 | Create | Villager (Male) |
| 15:29 | Build | Mining Camp |
| 15:39 | Create | Villager (Male) |
| 16:00 | Create | Villager (Male) |
| 16:23 | Create | Villager (Male) |
| 16:23 | Create | Villager (Male) |
| 16:33 | Build | House |
| 16:33 | Build | House |
| 17:05 | Build | Farm |
| 17:15 | Create | Villager (Male) |
| 17:17 | Build | Farm |
| 17:18 | Build | Farm |
| 17:21 | Build | Farm |
| 17:39 | Create | Villager (Male) |
| 17:42 | Build | House |
| 17:46 | Build | Farm |
| 18:15 | Create | Villager (Male) |
| 18:20 | Build | Farm |
| 18:21 | Build | Farm |
| 18:25 | Build | Farm |
| 18:27 | Build | Farm |
| 18:55 | Build | Farm |
| 18:56 | Research | Castle Age |
| 19:12 | Build | House |
| 19:28 | Create | Villager (Male) |
| 19:31 | Create | Villager (Male) |
| 19:31 | Create | Villager (Male) |
| 19:40 | Create | Villager (Male) |
| 19:49 | Build | House |
| 20:24 | Build | House |
| 20:29 | Build | House |
| 21:36 | Age | Castle Age |
| 21:38 | Build | Siege Workshop |
| 21:42 | Build | Town Center |
| 21:47 | Build | University |
| 21:51 | Research | Bow Saw |
| 21:52 | Research | Heavy Plow |
| 22:18 | Build | Town Center |
| 22:27 | Create | Villager (Male) |
| 22:33 | Create | Villager (Male) |
| 22:40 | Create | Iron Pagoda |
| 22:47 | Create | Villager (Male) |
| 22:58 | Build | Stone Wall |
| 23:01 | Build | Stone Wall |
| 23:04 | Research | Siege Engineers |
| 23:05 | Create | Villager (Male) |
| 23:05 | Create | Villager (Male) |
| 23:09 | Create | Villager (Male) |
| 23:25 | Create | Villager (Male) |
| 23:27 | Build | House |
| 23:40 | Build | Siege Workshop |
| 23:41 | Create | Villager (Male) |
| 23:44 | Create | Villager (Male) |
| 23:48 | Build | Stone Wall |
| 23:52 | Create | Villager (Male) |
| 23:56 | Create | Villager (Male) |
| 24:05 | Build | Stone Wall |
| 24:08 | Create | Iron Pagoda |
| 24:09 | Create | Villager (Male) |
| 24:09 | Create | Villager (Male) |
| 24:11 | Create | Villager (Male) |
| 24:13 | Build | Stone Wall |
| 24:17 | Build | Stone Wall |
| 24:20 | Create | Villager (Male) |
| 24:26 | Build | Stone Wall |
| 24:33 | Create | Villager (Male) |
| 24:44 | Create | Villager (Male) |
| 24:45 | Create | Villager (Male) |
| 24:48 | Build | Town Center |
| 24:49 | Create | Villager (Male) |
| 24:49 | Create | Villager (Male) |
| 25:08 | Create | Villager (Male) |
| 25:11 | Build | Monastery |
| 25:20 | Build | House |
| 25:21 | Create | Villager (Male) |
| 25:25 | Create | Villager (Male) |
| 25:31 | Create | Villager (Male) |
| 25:48 | Create | Villager (Male) |
| 25:50 | Create | Monk |
| 25:59 | Create | Villager (Male) |
| 26:11 | Create | Villager (Male) |
| 26:11 | Create | Villager (Male) |
| 26:15 | Build | House |
| 26:23 | Create | Villager (Male) |
| 26:25 | Build | Farm |
| 26:26 | Build | Farm |
Build order — 伯乐
First 150 of 406 actions detected
| 0:03 | Create | Villager (Male) |
| 0:03 | Create | Villager (Male) |
| 0:03 | Create | Villager (Male) |
| 0:03 | Create | Villager (Male) |
| 0:04 | Create | Villager (Male) |
| 0:05 | Build | House |
| 0:06 | Build | House |
| 1:26 | Create | Villager (Male) |
| 1:26 | Create | Villager (Male) |
| 1:52 | Build | Lumber Camp |
| 2:10 | Create | Villager (Male) |
| 2:11 | Create | Villager (Male) |
| 2:11 | Create | Villager (Male) |
| 2:20 | Create | Villager (Male) |
| 2:20 | Create | Villager (Male) |
| 2:58 | Create | Villager (Male) |
| 2:58 | Create | Villager (Male) |
| 3:02 | Create | Villager (Male) |
| 3:03 | Create | Villager (Male) |
| 3:37 | Build | House |
| 3:48 | Create | Villager (Male) |
| 3:48 | Create | Villager (Male) |
| 4:08 | Build | House |
| 4:22 | Create | Villager (Male) |
| 4:23 | Create | Villager (Male) |
| 4:35 | Build | House |
| 5:07 | Build | House |
| 5:19 | Create | Villager (Male) |
| 5:19 | Create | Villager (Male) |
| 5:19 | Create | Villager (Male) |
| 5:26 | Build | House |
| 6:03 | Create | Villager (Male) |
| 6:25 | Create | Villager (Male) |
| 6:25 | Create | Villager (Male) |
| 6:46 | Create | Villager (Male) |
| 6:47 | Create | Villager (Male) |
| 7:03 | Create | Villager (Male) |
| 7:24 | Create | Villager (Male) |
| 7:57 | Build | Mining Camp |
| 8:10 | Build | Mill |
| 8:31 | Research | Feudal Age |
| 9:28 | Build | Farm |
| 9:30 | Build | Farm |
| 10:49 | Age | Feudal Age |
| 10:52 | Create | Villager (Male) |
| 10:52 | Create | Villager (Male) |
| 10:59 | Build | Market |
| 11:01 | Build | Blacksmith |
| 11:14 | Build | Farm |
| 11:15 | Build | Farm |
| 11:18 | Build | Farm |
| 11:20 | Build | Farm |
| 11:44 | Create | Villager (Male) |
| 11:48 | Build | Farm |
| 12:33 | Build | Farm |
| 12:36 | Build | Farm |
| 12:52 | Research | Castle Age |
| 12:52 | Research | Castle Age |
| 13:13 | Research | Double-Bit Axe |
| 13:13 | Research | Double-Bit Axe |
| 13:29 | Research | Horse Collar |
| 13:29 | Research | Horse Collar |
| 15:32 | Age | Castle Age |
| 15:38 | Build | Town Center |
| 15:43 | Create | Villager (Male) |
| 15:47 | Build | Town Center |
| 16:12 | Create | Villager (Male) |
| 16:12 | Create | Villager (Male) |
| 16:12 | Create | Villager (Male) |
| 16:19 | Build | House |
| 16:26 | Create | Villager (Male) |
| 16:39 | Create | Villager (Male) |
| 16:44 | Research | Bow Saw |
| 16:44 | Research | Bow Saw |
| 16:55 | Build | House |
| 16:56 | Create | Villager (Male) |
| 16:57 | Create | Villager (Male) |
| 17:00 | Build | Farm |
| 17:27 | Build | House |
| 17:28 | Create | Villager (Male) |
| 17:28 | Create | Villager (Male) |
| 17:29 | Create | Villager (Male) |
| 17:31 | Create | Villager (Male) |
| 17:32 | Create | Villager (Male) |
| 17:53 | Create | Villager (Male) |
| 17:53 | Create | Villager (Male) |
| 17:55 | Create | Villager (Male) |
| 18:10 | Build | House |
| 18:11 | Create | Villager (Male) |
| 18:11 | Create | Villager (Male) |
| 18:14 | Build | Farm |
| 18:20 | Build | Farm |
| 18:24 | Create | Villager (Male) |
| 18:24 | Create | Villager (Male) |
| 18:31 | Build | Farm |
| 18:32 | Build | Farm |
| 18:33 | Build | Farm |
| 18:49 | Build | Siege Workshop |
| 18:51 | Create | Villager (Male) |
| 18:59 | Build | Farm |
| 19:07 | Create | Villager (Male) |
| 19:22 | Build | Town Center |
| 19:25 | Create | Villager (Male) |
| 19:25 | Create | Villager (Male) |
| 19:29 | Build | Farm |
| 19:44 | Create | Villager (Male) |
| 19:44 | Create | Villager (Male) |
| 19:53 | Build | House |
| 19:54 | Build | House |
| 19:56 | Build | House |
| 19:58 | Create | Villager (Male) |
| 19:58 | Create | Villager (Male) |
| 20:06 | Create | Villager (Male) |
| 20:15 | Build | Farm |
| 20:20 | Build | Farm |
| 20:22 | Build | Farm |
| 20:26 | Build | Farm |
| 20:29 | Build | Farm |
| 20:31 | Build | Farm |
| 20:34 | Create | Villager (Male) |
| 20:34 | Create | Villager (Male) |
| 20:34 | Create | Villager (Male) |
| 20:34 | Create | Villager (Male) |
| 20:40 | Build | Farm |
| 20:41 | Create | Villager (Male) |
| 20:41 | Create | Villager (Male) |
| 20:50 | Create | Villager (Male) |
| 20:50 | Create | Villager (Male) |
| 20:55 | Create | Villager (Male) |
| 20:58 | Build | Farm |
| 21:01 | Build | Farm |
| 21:04 | Build | Farm |
| 21:08 | Create | Villager (Male) |
| 21:08 | Create | Villager (Male) |
| 21:20 | Build | House |
| 21:23 | Build | Farm |
| 21:25 | Create | Villager (Male) |
| 21:26 | Create | Villager (Male) |
| 21:27 | Create | Villager (Male) |
| 21:27 | Create | Villager (Male) |
| 21:29 | Build | Farm |
| 21:35 | Build | Farm |
| 21:39 | Build | Farm |
| 21:42 | Build | Farm |
| 21:44 | Create | Villager (Male) |
| 21:45 | Create | Villager (Male) |
| 21:48 | Build | Farm |
| 21:49 | Build | House |
| 22:09 | Create | Villager (Male) |
| 22:10 | Create | Villager (Male) |
Build order — ZizKa
First 150 of 314 actions detected
| 0:01 | Create | Villager (Male) |
| 0:01 | Create | Villager (Male) |
| 0:02 | Create | Villager (Male) |
| 0:04 | Build | House |
| 0:05 | Build | House |
| 0:07 | Create | Villager (Male) |
| 1:25 | Create | Villager (Male) |
| 2:09 | Create | Villager (Male) |
| 2:28 | Create | Villager (Male) |
| 2:51 | Create | Villager (Male) |
| 3:05 | Build | Lumber Camp |
| 3:15 | Create | Villager (Male) |
| 3:47 | Create | Villager (Male) |
| 3:47 | Create | Villager (Male) |
| 3:47 | Create | Villager (Male) |
| 4:14 | Build | House |
| 4:16 | Create | Villager (Male) |
| 4:46 | Build | House |
| 5:35 | Create | Villager (Male) |
| 5:37 | Create | Villager (Male) |
| 5:44 | Build | Mill |
| 6:02 | Create | Villager (Male) |
| 6:28 | Create | Villager (Male) |
| 6:50 | Build | Mining Camp |
| 6:53 | Create | Villager (Male) |
| 6:59 | Build | Farm |
| 7:01 | Build | Farm |
| 7:37 | Create | Villager (Male) |
| 8:10 | Research | Feudal Age |
| 8:20 | Build | Barracks |
| 9:17 | Build | House |
| 9:50 | Create | Villager (Male) |
| 9:59 | Build | Farm |
| 10:16 | Create | Villager (Male) |
| 10:20 | Age | Feudal Age |
| 10:22 | Build | Stable |
| 10:51 | Build | Blacksmith |
| 10:52 | Create | Villager (Male) |
| 11:16 | Create | Scout Cavalry |
| 11:21 | Build | Farm |
| 11:37 | Create | Villager (Male) |
| 12:04 | Build | Farm |
| 12:05 | Create | Villager (Male) |
| 12:07 | Build | Farm |
| 12:11 | Build | Farm |
| 12:34 | Research | Castle Age |
| 12:49 | Build | Farm |
| 13:08 | Create | Scout Cavalry |
| 13:14 | Build | Farm |
| 13:17 | Build | Farm |
| 13:31 | Build | House |
| 13:35 | Research | Horse Collar |
| 13:44 | Research | Double-Bit Axe |
| 14:08 | Create | Scout Cavalry |
| 14:10 | Create | Villager (Male) |
| 14:32 | Build | Farm |
| 14:59 | Create | Villager (Male) |
| 15:14 | Age | Castle Age |
| 15:15 | Research | Light Cavalry (upgrade) |
| 15:28 | Build | Town Center |
| 15:30 | Create | Villager (Male) |
| 15:57 | Create | Villager (Male) |
| 15:58 | Create | Villager (Male) |
| 16:02 | Build | Farm |
| 16:16 | Create | Villager (Male) |
| 16:16 | Create | Villager (Male) |
| 16:27 | Build | House |
| 16:46 | Create | Villager (Male) |
| 16:54 | Research | Bloodlines |
| 16:59 | Build | House |
| 17:02 | Research | Husbandry |
| 17:39 | Create | Villager (Male) ×3 |
| 17:44 | Build | House |
| 18:00 | Build | Town Center |
| 18:02 | Create | Villager (Male) ×2 |
| 18:11 | Build | Farm |
| 18:13 | Build | Farm |
| 18:15 | Build | Farm |
| 18:18 | Build | Farm |
| 18:38 | Create | Villager (Male) ×2 |
| 18:57 | Create | Villager (Male) ×2 |
| 19:04 | Build | Farm |
| 19:05 | Create | Villager (Male) |
| 19:26 | Build | House |
| 19:38 | Create | Villager (Male) ×4 |
| 19:50 | Build | Farm |
| 19:52 | Build | Farm |
| 19:52 | Build | Farm |
| 19:53 | Build | Farm |
| 19:53 | Build | Farm |
| 19:53 | Build | Farm |
| 19:55 | Create | Villager (Male) |
| 20:08 | Create | Villager (Male) |
| 20:15 | Create | Villager (Male) |
| 20:20 | Build | Farm |
| 20:27 | Build | Lumber Camp |
| 20:33 | Build | Farm |
| 20:39 | Create | Villager (Male) ×3 |
| 20:59 | Create | Villager (Male) |
| 21:29 | Create | Scout Cavalry |
| 21:30 | Create | Scout Cavalry |
| 21:38 | Create | Villager (Male) |
| 22:12 | Create | Villager (Male) |
| 22:16 | Build | Farm |
| 22:18 | Create | Scout Cavalry |
| 22:58 | Create | Villager (Male) |
| 22:59 | Create | Villager (Male) |
| 22:59 | Create | Villager (Male) ×5 |
| 23:17 | Build | Market |
| 23:22 | Build | University |
| 23:25 | Research | Bow Saw |
| 23:28 | Build | House |
| 23:34 | Build | House |
| 23:37 | Create | Villager (Male) |
| 23:40 | Create | Villager (Male) |
| 23:44 | Build | Mining Camp |
| 23:45 | Research | Gold Mining |
| 23:48 | Research | Heavy Plow |
| 23:56 | Research | Wheelbarrow |
| 23:57 | Create | Villager (Male) ×4 |
| 24:33 | Create | Villager (Male) |
| 24:42 | Research | Masonry |
| 24:43 | Create | Villager (Male) ×3 |
| 24:49 | Build | Siege Workshop |
| 24:57 | Create | Villager (Male) |
| 25:14 | Create | Scout Cavalry |
| 25:15 | Create | Scout Cavalry |
| 25:35 | Create | Mangonel |
| 25:41 | Build | House |
| 25:42 | Build | House |
| 25:44 | Build | House |
| 25:48 | Build | House |
| 25:55 | Research | Hand Cart |
| 25:55 | Create | Villager (Male) |
| 26:01 | Build | Town Center |
| 26:05 | Create | Villager (Male) |
| 26:16 | Create | Knight |
| 26:26 | Create | Mangonel |
| 26:37 | Build | Stone Wall |
| 27:03 | Create | Mangonel |
| 27:17 | Create | Villager (Male) |
| 27:21 | Build | Farm |
| 27:23 | Build | Farm |
| 27:27 | Create | Villager (Male) |
| 27:33 | Build | Farm |
| 27:34 | Build | Farm |
| 27:34 | Build | Farm |
| 27:34 | Build | Farm |
| 27:35 | Build | Farm |
| 27:35 | Build | Farm |
Build order — chenst2020
First 150 of 275 actions detected
| 0:02 | Create | Villager (Male) |
| 0:03 | Create | Villager (Male) |
| 0:03 | Create | Villager (Male) |
| 0:04 | Create | Villager (Male) |
| 0:05 | Build | House |
| 0:07 | Build | House |
| 1:32 | Create | Villager (Male) |
| 1:32 | Create | Villager (Male) |
| 1:53 | Create | Villager (Male) |
| 1:54 | Create | Villager (Male) |
| 2:15 | Create | Villager (Male) |
| 2:15 | Create | Villager (Male) |
| 2:16 | Create | Villager (Male) |
| 2:46 | Create | Villager (Male) |
| 3:02 | Build | House |
| 3:03 | Build | House |
| 3:07 | Create | Villager (Male) |
| 3:39 | Create | Villager (Male) |
| 3:59 | Build | Lumber Camp |
| 4:05 | Build | House |
| 4:09 | Create | Villager (Male) |
| 4:17 | Create | Villager (Male) |
| 4:34 | Build | Mill |
| 4:55 | Create | Villager (Male) |
| 5:17 | Create | Villager (Male) |
| 5:20 | Build | Mining Camp |
| 5:45 | Create | Villager (Male) |
| 5:53 | Build | Mining Camp |
| 5:58 | Create | Villager (Male) |
| 6:31 | Create | Villager (Male) |
| 6:52 | Create | Villager (Male) |
| 7:24 | Create | Villager (Male) |
| 7:54 | Create | Villager (Male) |
| 8:23 | Create | Villager (Male) |
| 8:39 | Research | Feudal Age |
| 8:55 | Build | House |
| 9:20 | Build | Palisade Wall |
| 9:28 | Build | Palisade Wall |
| 9:32 | Build | Palisade Wall |
| 9:33 | Build | Palisade Wall |
| 9:34 | Build | Palisade Wall |
| 9:35 | Build | Palisade Wall |
| 10:01 | Build | Palisade Wall |
| 10:02 | Build | Palisade Wall |
| 10:06 | Build | Palisade Wall |
| 10:14 | Build | Palisade Wall |
| 10:19 | Build | Palisade Wall |
| 10:21 | Build | Palisade Wall |
| 10:26 | Create | Villager (Male) |
| 10:44 | Build | Palisade Wall |
| 10:58 | Age | Feudal Age |
| 11:12 | Build | Watch Tower |
| 11:15 | Create | Villager (Male) |
| 11:31 | Build | Market |
| 11:43 | Build | Blacksmith |
| 11:47 | Create | Villager (Male) |
| 11:56 | Build | Farm |
| 11:58 | Build | Farm |
| 12:05 | Build | Stone Wall |
| 12:14 | Build | House |
| 12:18 | Build | House |
| 12:32 | Create | Villager (Male) |
| 12:33 | Create | Villager (Male) |
| 12:52 | Build | Watch Tower |
| 13:11 | Create | Villager (Male) |
| 13:35 | Build | Farm |
| 13:50 | Create | Villager (Male) |
| 13:52 | Research | Fletching |
| 14:03 | Build | Farm |
| 14:16 | Create | Villager (Male) |
| 14:35 | Build | Farm |
| 14:36 | Build | Farm |
| 14:42 | Create | Villager (Male) |
| 15:01 | Build | Farm |
| 15:02 | Build | Farm |
| 15:15 | Create | Villager (Male) |
| 15:27 | Build | Farm |
| 15:39 | Create | Villager (Male) |
| 15:48 | Build | Farm |
| 15:53 | Build | Farm |
| 16:03 | Create | Villager (Male) |
| 16:09 | Build | Farm |
| 16:35 | Create | Villager (Male) |
| 16:42 | Research | Loom |
| 17:06 | Build | Watch Tower |
| 17:23 | Build | House |
| 17:24 | Build | House |
| 17:33 | Create | Villager (Male) |
| 17:37 | Build | Farm |
| 18:00 | Research | Castle Age |
| 18:37 | Research | Double-Bit Axe |
| 19:05 | Research | Gold Mining |
| 19:43 | Research | Horse Collar |
| 19:53 | Build | Farm |
| 20:01 | Build | Farm |
| 20:40 | Age | Castle Age |
| 20:46 | Build | Siege Workshop |
| 20:49 | Create | Villager (Male) |
| 20:49 | Create | Villager (Male) |
| 21:08 | Build | Castle |
| 21:09 | Create | Battering Ram |
| 21:21 | Build | House |
| 21:24 | Build | House |
| 21:28 | Build | Palisade Wall |
| 21:35 | Create | Battering Ram |
| 21:40 | Build | Farm |
| 21:41 | Create | Villager (Male) |
| 21:41 | Create | Villager (Male) |
| 22:06 | Create | Villager (Male) |
| 22:19 | Create | Battering Ram |
| 22:29 | Create | Petard |
| 22:38 | Create | Samurai |
| 22:39 | Create | Samurai |
| 22:57 | Create | Samurai |
| 22:57 | Create | Samurai |
| 23:04 | Create | Samurai |
| 23:04 | Create | Samurai |
| 23:41 | Create | Petard |
| 23:46 | Create | Samurai |
| 23:59 | Build | Mining Camp |
| 24:23 | Create | Petard |
| 24:23 | Create | Samurai |
| 24:39 | Create | Villager (Male) |
| 24:39 | Create | Villager (Male) |
| 24:43 | Build | Farm |
| 24:44 | Build | Farm |
| 24:45 | Build | Farm |
| 24:46 | Create | Villager (Male) |
| 24:52 | Create | Samurai |
| 24:52 | Create | Samurai |
| 24:54 | Research | Scale Mail Armor |
| 24:55 | Research | Forging |
| 24:59 | Build | Mining Camp |
| 25:13 | Create | Samurai |
| 25:14 | Create | Samurai |
| 25:19 | Create | Samurai |
| 25:29 | Build | Outpost |
| 25:40 | Create | Samurai |
| 25:40 | Create | Samurai |
| 25:47 | Build | Farm |
| 25:48 | Build | Farm |
| 25:50 | Create | Villager (Male) |
| 26:23 | Create | Mangonel |
| 26:30 | Create | Unit 1105 |
| 27:09 | Create | Villager (Male) |
| 27:09 | Create | Villager (Male) |
| 27:12 | Research | Chain Mail Armor |
| 27:13 | Create | Petard |
| 27:14 | Create | Petard |
| 27:16 | Create | Samurai |
Match timeline
| 8:06 | caterpie · age_up feudal |
| 8:20 | ZizKa · first_building Barracks |
| 8:22 | 骑猪射箭 · age_up feudal |
| 9:20 | chenst2020 · wall_segment Palisade Wall x3 |
| 9:28 | chenst2020 · wall_segment Palisade Wall x4 |
| 9:32 | chenst2020 · wall_segment Palisade Wall x2 |
| 9:33 | chenst2020 · wall_segment Palisade Wall x2 |
| 9:34 | chenst2020 · wall_segment Palisade Wall x1 |
| 9:35 | chenst2020 · wall_segment Palisade Wall x1 |
| 10:01 | chenst2020 · wall_segment Palisade Wall x3 |
| 10:02 | chenst2020 · wall_segment Palisade Wall x1 |
| 10:06 | chenst2020 · wall_segment Palisade Wall x7 |
| 10:14 | chenst2020 · wall_segment Palisade Wall x1 |
| 10:19 | chenst2020 · wall_segment Palisade Wall x4 |
| 10:20 | ZizKa · age_up feudal |
| 10:21 | chenst2020 · wall_segment Palisade Wall x3 |
| 10:22 | ZizKa · first_building Stable |
| 10:37 | TKB_ · age_up feudal |
| 10:44 | chenst2020 · wall_segment Palisade Wall x3 |
| 10:47 | EZLIVING:D · age_up feudal |
| 10:49 | 伯乐 · age_up feudal |
| 10:51 | Jaxto · age_up feudal |
| 10:58 | chenst2020 · age_up feudal |
| 12:05 | chenst2020 · wall_segment Stone Wall x7 |
| 12:25 | TKB_ · first_building Barracks |
| 14:18 | TKB_ · age_up castle |
| 14:23 | TKB_ · first_building Monastery |
| 14:38 | EZLIVING:D · age_up castle |
| 14:47 | Jaxto · age_up castle |
| 15:14 | ZizKa · age_up castle |
| 15:32 | 伯乐 · age_up castle |
| 17:14 | Jaxto · first_building Monastery |
| 17:28 | EZLIVING:D · first_building Castle |
| 18:25 | 骑猪射箭 · first_building Siege Workshop |
| 18:27 | TKB_ · first_market_buy 100 stone |
| 18:49 | 伯乐 · first_building Siege Workshop |
| 20:06 | 骑猪射箭 · age_up castle |
| 20:23 | 骑猪射箭 · first_building Castle |
| 20:33 | 骑猪射箭 · wall_segment Palisade Wall x1 |
| 20:40 | chenst2020 · age_up castle |
| 20:46 | chenst2020 · first_building Siege Workshop |
| 21:08 | chenst2020 · first_building Castle |
| 21:28 | chenst2020 · wall_segment Palisade Wall x1 |
| 21:36 | caterpie · age_up castle |
| 21:38 | caterpie · first_building Siege Workshop |
| 22:12 | 骑猪射箭 · first_market_sell 100 food |
| 22:14 | caterpie · first_market_buy 100 wood |
| 22:58 | Jaxto · first_building Barracks |
| 22:58 | caterpie · wall_segment Stone Wall x6 |
| 23:01 | caterpie · wall_segment Stone Wall x9 |
| 23:12 | EZLIVING:D · first_building Siege Workshop |
| 23:26 | Jaxto · first_building Archery Range |
| 23:43 | 伯乐 · first_market_sell 100 wood |
| 23:48 | caterpie · wall_segment Stone Wall x5 |
| 24:05 | caterpie · wall_segment Stone Wall x6 |
| 24:13 | caterpie · wall_segment Stone Wall x1 |
| 24:17 | caterpie · wall_segment Stone Wall x1 |
| 24:26 | caterpie · wall_segment Stone Wall x2 |
| 24:49 | ZizKa · first_building Siege Workshop |
| 25:11 | caterpie · first_building Monastery |
| 25:15 | TKB_ · first_market_sell 100 food |
| 25:21 | TKB_ · first_building Siege Workshop |
| 26:21 | EZLIVING:D · wall_segment Stone Wall x12 |
| 26:31 | TKB_ · first_building Archery Range |
| 26:36 | Jaxto · first_building Castle |
| 26:37 | ZizKa · wall_segment Stone Wall x6 |
| 27:04 | 伯乐 · first_building Barracks |
| 27:49 | EZLIVING:D · wall_segment Stone Wall x13 |
| 28:05 | Jaxto · first_building Siege Workshop |
| 28:06 | 伯乐 · age_up imperial |
| 28:20 | 伯乐 · first_building Castle |
| 28:26 | EZLIVING:D · first_building Barracks |
| 28:28 | Jaxto · wall_segment Stone Wall x1 |
| 28:45 | Jaxto · age_up imperial |
| 28:46 | ZizKa · wall_segment Palisade Wall x1 |
| 29:02 | 骑猪射箭 · first_building Barracks |
| 29:17 | caterpie · first_building Castle |
| 29:26 | TKB_ · age_up imperial |
| 29:30 | 伯乐 · first_market_buy 100 stone |
| 29:49 | EZLIVING:D · first_building Stable |
| 29:51 | 骑猪射箭 · first_building Stable |
| 31:40 | 骑猪射箭 · first_building Archery Range |
| 32:18 | caterpie · first_building Barracks |
| 32:23 | ZizKa · first_market_buy 100 food |
| 32:46 | ZizKa · first_building Archery Range |
| 32:53 | caterpie · age_up imperial |
| 33:01 | caterpie · first_building Archery Range |
| 33:24 | EZLIVING:D · first_market_sell 100 wood |
| 33:49 | 骑猪射箭 · age_up imperial |
| 34:00 | caterpie · first_market_sell 100 stone |
| 34:01 | 伯乐 · first_building Monastery |
| 34:57 | EZLIVING:D · first_building Archery Range |
| 35:36 | ZizKa · age_up imperial |
| 36:20 | Jaxto · first_market_buy 100 wood |
| 36:35 | EZLIVING:D · age_up imperial |
| 36:41 | caterpie · wall_segment Palisade Wall x1 |
| 36:53 | EZLIVING:D · first_market_buy 100 wood |
| 37:55 | caterpie · wall_segment Stone Wall x3 |
| 38:47 | chenst2020 · first_building Barracks |
| 38:59 | 伯乐 · tribute_sent a jugador 1 |
| 38:59 | 伯乐 · tribute_sent a jugador 2 |
| 38:59 | 伯乐 · tribute_sent a jugador 3 |
| 38:59 | 伯乐 · tribute_sent a jugador 4 |
| 38:59 | 伯乐 · tribute_sent a jugador 5 |
| 38:59 | 伯乐 · tribute_sent a jugador 7 |
| 38:59 | 伯乐 · tribute_sent a jugador 8 |
| 39:10 | 伯乐 · tribute_sent a jugador 1 |
| 39:10 | 伯乐 · tribute_sent a jugador 2 |
| 39:10 | 伯乐 · tribute_sent a jugador 3 |
| 39:10 | 伯乐 · tribute_sent a jugador 4 |
| 39:10 | 伯乐 · tribute_sent a jugador 5 |
| 39:10 | 伯乐 · tribute_sent a jugador 7 |
| 39:10 | 伯乐 · tribute_sent a jugador 8 |
| 39:15 | chenst2020 · age_up imperial |
| 39:39 | ZizKa · first_building Castle |
| 39:47 | chenst2020 · first_building Archery Range |
| 40:05 | TKB_ · first_building Stable |
| 40:22 | caterpie · wall_segment Stone Wall x1 |
| 40:28 | chenst2020 · wall_segment Stone Wall x1 |
| 41:54 | EZLIVING:D · tribute_sent a jugador 2 |
| 41:54 | EZLIVING:D · tribute_sent a jugador 3 |
| 41:54 | EZLIVING:D · tribute_sent a jugador 4 |
| 41:54 | EZLIVING:D · tribute_sent a jugador 5 |
| 41:54 | EZLIVING:D · tribute_sent a jugador 6 |
| 41:54 | EZLIVING:D · tribute_sent a jugador 7 |
| 41:54 | EZLIVING:D · tribute_sent a jugador 8 |
| 42:38 | 伯乐 · resign |
| 42:39 | chenst2020 · wall_segment Stone Wall x17 |
[ AI ANALYSIS · 1 CREDIT ]
What really happened in this match?
Wolo.gg analyzes every decision: build order, eco, micro, common mistakes by bracket. Personalized analysis on WhatsApp or Discord in 30 seconds.
Civ guide
Dravidians
Perfil
Jugador #2700960